Unix NetHack Version 3.7.0-101 Work-in-progress - last build Apr 1 2024 13:39:02 (cf3915abb6dcc6e3362b2b16a766b7b4f6c45fc9,branch:master). Game began 2024-03-23 23:59:36, ended 2024-04-20 12:20:09. chip, chaotic male human Monk ---- ----------..| |...........| |.....-----.| |.....| |.-- |.....|----..| |.....|<^....| ---.---------| |..--->---..| |`@.........| |`..----....| |...| |....| ----- ------ Chip the Student of Stones St:18/01 Dx:18 Co:15 In:8 Wi:13 Ch:8 Chaotic S:25097 Dlvl:6 $:3363 HP:64(71) Pw:23(49) AC:-2 Xp:10/5291 T:8410 Latest messages: Something is written here in the dust. You read: "xg". You see no objects here. What do you want to write with? [- cghlmot-vxB-DFGILMPQSV or ?*] ? The engraving on the floor vanishes! You write in the dust with a short wand. What do you want to write in the dust here? b What do you want to zap? [cuvxDGPQSV or ?*] ? In what direction? h What do you want to use or apply? [bcgkpu-zDGJPQSVZ or ?*] b j - a cursed scroll of gold detection. What do you want to drop? [$a-cghj-mopt-zB-GIJLMPQSTVWZ or ?*] j You drop a cursed scroll of gold detection. What do you want to zap? [cuvxDGPQSV or ?*] ? In what direction? > j - a cursed scroll of gold detection. There is nothing here to pick up. What do you want to call? [bcghklpvxDGLMPQSVWZ or ?*] ? Call a short wand: make invis Restoring save file... Hello chip, the human Monk, welcome back to NetHack! Really quit? [yn] (n) y Do you want your possessions identified? [ynq] (y) q Inventory: Coins $ - 3363 gold pieces Weapons C - a blessed poisoned +0 orcish arrow B - 13 poisoned +1 darts (at the ready) t - a +1 aklys named +1 Armor W - a blessed +1 helm of caution (being worn) a - an uncursed +2 pair of leather gloves (being worn) T - a blessed +1 pair of water walking boots (being worn) E - an uncursed +1 robe (being worn) Scrolls j - a cursed scroll of gold detection Rings F - an uncursed ring of fire resistance (on left hand) I - an uncursed ring of fire resistance h - an uncursed +1 ring of gain strength M - an uncursed ring of searching L - an uncursed ring of shock resistance l - an uncursed ring of warning Wands x - a wand of magic missile (0:7) P - a wand of make invisible (0:5) S - a wand of nothing (0:3) G - a wand of polymorph (0:5) u - a wand of sleep (0:5) c - a wand of speed monster (0:7) D - a wand of speed monster (0:2) v - a cursed wand of speed monster (0:5) V - a wand of striking (0:7) Q - a wand of striking (0:5) Tools b - an uncursed bag of holding containing 28 items z - a frost horn (0:4) y - an uncursed brass lantern w - an uncursed leash Z - an uncursed mirror p - an uncursed oil lamp J - a +0 pick-axe (weapon in right hand) k - an uncursed skeleton key Gems/Stones o - 5 uncursed amethyst stones m - an uncursed luckstone g - a blessed touchstone Contents of the bag of holding: an uncursed +0 pair of leather gloves an uncursed +0 mummy wrapping an uncursed +0 mummy wrapping a blessed +0 mummy wrapping a blessed +0 mummy wrapping 5 uncursed apples 2 uncursed C-rations 4 uncursed cream pies an uncursed food ration 3 uncursed fortune cookies an uncursed K-ration 5 uncursed oranges an uncursed pancake an uncursed tripe ration an uncursed egg an uncursed lichen corpse an uncursed lizard corpse 2 uncursed scrolls of earth an uncursed scroll of enchant weapon an uncursed scroll of scare monster an uncursed scroll of blank paper an uncursed scroll of enchant armor a blessed scroll of enchant armor a blessed scroll of gold detection an uncursed scroll of identify a cursed scroll of light an uncursed spellbook of healing an uncursed potion of oil Chip the Monk's attributes: Background: You were a Student of Stones, a level 10 male human Monk. You were chaotic, on a mission for Huan Ti who was opposed by Shan Lai Ching (lawful) and Chih Sung-tzu (neutral). You were right-handed. You were in Sokoban, on level 6. You entered the dungeon 8410 turns ago. You had 5291 experience points, 4709 more were needed to attain level 11. Your score was 25097 before end-of-game adjustments. Basics: You had 64 out of 71 hit points. You had 23 out of 49 energy points (spell power). Your armor class was -2. Your wallet contained 3363 zorkmids. Autopickup was off. Final Characteristics: Your strength was 18/01 (limit:18/100). Your dexterity was 18 (limit:18). Your constitution was 15 (limit:18). Your intelligence was 8 (limit:18). Your wisdom was 13 (limit:18). Your charisma was 8 (limit:18). Final Status: You weren't hungry. You were unencumbered. You were wielding a pick-axe. You had no skill with pick-axe. Final Attributes: You were piously aligned. You were fire resistant. Your items were protected from fire. You were sleep resistant. You were poison resistant. You saw invisible. You were warned. You had automatic searching. You would have confused monsters when hitting them. You were stealthy. You could walk on water. You had a small defense bonus (+2). You were guarded. You were fast. You were extremely lucky. You had extra luck. Bad luck did not time out for you. Good luck did not time out for you. You survived. Miscellaneous: You never encountered a bones level. Total elapsed playing time was 2 hours, 30 minutes and 16 seconds. Major events: Turn 1: chip the chaotic male human Monk entered the dungeon 760: attained the rank of Novice (level 3) 1264: attained the rank of Initiate (level 6) 2352: entered the Gnomish Mines 2906: reached Mine Town 2991: stole 38 zorkmids worth of merchandise from Sipaliwini's general store 4520: acquired the Mines' End luckstone 6226: entered Sokoban 6876: completed 2nd Sokoban level 7252: completed 3rd Sokoban level 8010: completed 4th Sokoban level 8239: attained the rank of Student of Stones (level 10) 8254: acquired the Sokoban bag of holding 8410: quit Vanquished creatures: 2 giant mimics 3 large mimics 6 small mimics a warhorse a xan a quantum mechanic a flaming sphere a dwarf ruler a tengu an energy vortex an elf mummy a human mummy a cobra an ettin zombie 3 soldiers 2 amorous demons a cockatrice a wolf a winter wolf cub an orc-captain an iron piercer 3 giant spiders a horse 2 vampire bats 3 gnome rulers an orc mummy a dwarf mummy a brown pudding 2 owlbears a werewolf a lizard a dingo 2 jaguars 3 dwarf leaders a blue jelly a dust vortex 3 ravens an ape 4 soldier ants a water nymph 2 mountain nymphs 2 Uruk-hai a rock piercer 3 rock moles a pony 20 fog clouds a violet fungus 14 gnome leaders 4 gnomish wizards 2 gray oozes an elf zombie 6 giant ants 3 little dogs 18 dwarves a kobold shaman 2 rothes a rabid rat 2 giant bats 2 monkeys 2 dwarf zombies 2 wererats a werejackal 2 iguanas 3 killer bees 7 acid blobs 6 hobbits 2 hobgoblins 4 giant rats 2 cave spiders a brown mold a green mold 2 red molds 54 gnomes a Keystone Kop 7 garter snakes 9 geckos 10 jackals a fox a kobold 2 goblins 5 grid bugs 3 bats a lichen a kobold zombie 7 newts 288 creatures vanquished. No species were genocided or became extinct. Voluntary challenges: You followed a strict vegan diet. You never hit with a wielded weapon. You read items or engraved 14 times. You never engraved Elbereth. You never genocided any monsters. You never polymorphed an object. You never changed form. You used no wishes. You did not violate any of the special Sokoban rules. Achievements: You attained the rank of Novice. You entered a shop. You attained the rank of Initiate. You entered the Gnomish Mines. You entered Minetown. You entered a temple. You completed the Gnomish Mines. You entered Sokoban. You attained the rank of Student of Stones. You completed Sokoban. The Dungeons of Doom: levels 1 to 10 Level 1: Level 2: Level 3: A fountain. Stairs down to The Gnomish Mines. Level 4: "$" A fountain. Level 5: A weapon shop, an altar to Huan Ti. Level 6: Many fountains. Oracle of Delphi. Level 7: An altar to Huan Ti. Stairs up to Sokoban, level 6. Level 8: Some fountains. Level 9: A temple and an altar to Huan Ti. Level 10: The Gnomish Mines: levels 4 to 11 Level 4: Level 5: Level 6: Level 7: A temple and an altar to Huan Ti, some fountains, some trees. Level 8: Level 9: Level 10: Level 11: Sokoban: levels 6 up to 3 Level 3: Solved. Level 4: Solved. Level 5: Solved. Level 6: <- You were here. Unsolved. Goodbye chip the Monk... You quit in Sokoban on dungeon level 6 with 25097 points, and 3363 pieces of gold, after 8410 moves. You were level 10 with a maximum of 71 hit points when you quit.